Selects Italian Combined Arms Battlegroup
Selects Bersaglieri Squad
Kradschützen Motorcycle Team
Construct Light Support Kompanie
Selects Bersaglieri Bolster
Selects Breda Model 30 Light Machine Guns
Selects Semovente da 75/18 Assault Gun
Semovente da 75/18 Assault Gun
Panzerjäger Mechanized Group
Construct Panzerarmee Kommand
Selects Breda Model 30 Light Machine Guns
Selects Breda Model 30 Light Machine Guns